AoeStats
← TKBXPT2214

Socotra

506250563Analyzed
4v4 RM · 20d ago on Sep 12, 2026· 33m 52s· 8 players
Game mode
Random Map
Map size
148×148
Population
200
Speed
Normal
Resources
Standard
Victory
Conquest
Starting age
Dark Age
Ending age
Imperial Age
RankedLock teamsTeams togetherTeam positionsShared explorationLock speedFull tech treeHidden civsTurbo modeCheats
Victory
Defeat
🇺🇾 Saracens · Uruguay
1074
+35
🇦🇷 Franks · Argentina
1068
+16
🇧🇪 Teutons · Belgium
1066
+16
🇨🇱 Celts · Chile
1062
+16
🇲🇽 Goths · Mexico
1136
-18
🇹🇼 Maya · Taiwan
1090
-17
🇲🇽 Cumans · Mexico
1071
-16
🇲🇽 Sicilians · Mexico
983
-13
noumha
10:15 Feudal Age
8:36 Loom
12:06 Horse Collar
22:19 Man-at-Arms
28:04 Forging
27:55 Scale Mail Armor
31:54 Castle Age
31:57 Long Swordsman
32:23 Gambesons
32:39 Squires
Komposita
1:49 Loom
12:31 Feudal Age
14:13 Double-Bit Axe
16:52 Castle Age
18:17 Horse Collar
22:01 Bow Saw
27:35 Gold Mining
27:38 Stone Mining
34:57 Imperial Age
31:59 Pikeman
32:25 Arson
32:45 Scale Mail Armor
32:55 Forging
33:31 Wheelbarrow
32:42 Town Watch
33:31 Ballistics
TKBXPT2214
3:33 Loom
11:23 Feudal Age
12:41 Wheelbarrow
18:14 Castle Age
16:51 Double-Bit Axe
17:13 Gold Mining
18:03 Scale Barding Armor
18:59 Husbandry
25:07 Hand Cart
27:54 Forging
28:57 Fervor
30:59 Chain Barding Armor
32:47 Stone Mining
33:33 Gold Shaft Mining
34:12 Iron Casting
Desert_Fox
3:23 Loom
12:25 Feudal Age
12:52 Double-Bit Axe
17:51 Wheelbarrow
21:50 Man-at-Arms
22:52 Fletching
23:26 Scale Mail Armor
30:27 Padded Archer Armor
31:20 Town Watch
Godga_26
10:21 Feudal Age
13:13 Scale Mail Armor
13:23 Forging
23:19 Castle Age
25:12 Pikeman
28:18 Horse Collar
29:40 Chain Mail Armor
33:57 Iron Casting
[SJS] rafaelgallegos
1:04 Loom
9:24 Feudal Age
10:20 Man-at-Arms
10:56 Double-Bit Axe
14:08 Scale Mail Armor
18:26 Forging
25:48 Castle Age
25:36 Gold Mining
25:29 Horse Collar
25:43 Stone Mining
26:09 Pikeman
28:31 Gold Mining
29:12 Squires
30:18 Wheelbarrow
32:59 Bow Saw
William
0:44 Loom
12:42 Feudal Age
19:20 Castle Age
18:12 Fletching
18:55 Double-Bit Axe
19:13 Horse Collar
19:30 Crossbowman
21:26 Wheelbarrow
I_N3wton
11:25 Feudal Age
9:42 Loom
18:13 Man-at-Arms
33:24 Castle Age
Connection lost

Rejoining the realm…

Still unreachable

The connection could not be restored.

Session expired

The server has moved on; the page needs a fresh start.